 Dungeon Crawl Stone Soup version 0.27-a0-684-g359e429f13 (webtiles) character file.

Game seed: 10842627691607292870

2704 Dreamer the Shield-Bearer (level 9, -1/67 (71) HPs)
             Began as a Formicid Fighter on Mar 20, 2021.
             Was a Believer of Cheibriados.
             Slain by an orc warrior
             ... wielding a +0 glaive
              (20 damage)
             ... on level 7 of the Dungeon.
             The game lasted 00:25:31 (5517 turns).

Dreamer the Shield-Bearer (Formicid Fighter)        Turns: 5517, Time: 00:25:31

HP:   -1/67 (71)    AC: 13    Str: 31    XL:     9   Next: 97%
MP:   9/9           EV: 10    Int: 13    God:    Cheibriados [**....]
Gold: 288           SH: 12    Dex: 16    Spells: 8/8 levels left

rFire    . . .     SeeInvis +   a - +0 long sword
rCold    + + .     Faith    .   c - +0 kite shield
rNeg     . . .     Spirit   .   z - +0 chain mail
rPois    .         Reflect  .   (helmet unavailable)
rElec    .         Harm     .   y - +0 cloak
rCorr    .         Rampage  .   (no gloves)
Will     .....                  h - +0 pair of boots
Stlth    ..........             j - amulet of regeneration
HPRegen  1.21/turn              k - ring of protection from cold
MPRegen  0.11/turn              r - ring of protection from cold

@: drained, very slow
A: permanent stasis, dig shafts and tunnels, antennae 3, four strong arms
a: Dig, Shaft Self, Renounce Religion, Bend Time


You were on level 7 of the Dungeon.
You worshipped Cheibriados.
Cheibriados was pleased with you.
You visited 2 branches of the dungeon, and saw 8 of its levels.

You collected 288 gold pieces.

Inventory:

Hand Weapons
 a - a +0 long sword (weapon)
 b - a +1 hunting sling of flaming
Missiles
 l - 5 sling bullets
 s - 100 stones
Armour
 c - a +0 kite shield (worn)
 h - a +0 pair of boots (worn)
 y - a +0 cloak (worn)
 z - a +0 chain mail (worn)
Jewellery
 j - an amulet of regeneration (around neck)
 k - a ring of protection from cold (right hand)
 r - a ring of protection from cold (left hand)
 D - a ring of positive energy
 E - an amulet of the acrobat
Wands
 w - a wand of acid (8)
Scrolls
 e - 3 scrolls of immolation {unknown}
 f - a scroll of torment {unknown}
 i - a scroll of random uselessness {unknown}
 n - a scroll of identify {unknown}
 o - a scroll of enchant armour {unknown}
 q - a scroll of magic mapping {unknown}
 t - a scroll of fear {unknown}
 u - 2 scrolls of teleportation {unknown}
 v - a scroll of enchant weapon {unknown}
 F - a scroll of silence {unknown}
Potions
 d - 4 potions of might
 g - a potion of curing {unknown}
 m - a potion of flight {unknown}
 p - a potion of heal wounds {unknown}
 x - 2 potions of degeneration {unknown}
 A - a potion of attraction {unknown}
 B - a potion of lignification {unknown}
 C - 2 potions of brilliance {unknown}


   Skills:
 + Level 6.7 Fighting
 + Level 5.6 Long Blades
 + Level 5.3 Slings
 + Level 6.8 Armour
 + Level 4.3 Dodging
 + Level 7.3 Shields


You had 8 spell levels left.
You didn't know any spells.
Your spell library contained the following spells:

 Spells                   Type           Power      Damage    Failure   Level
 Animate Skeleton         Necr           0%         N/A       88%         1
 Magic Dart               Conj           0%         1d3       88%         1
 Pain                     Necr           0%         1d4       88%         1
 Call Imp                 Summ           0%         N/A       96%         2
 Slow                     Hex            0%         N/A       96%         2
 Conjure Flame            Conj/Fire      0%         6-21      99%         3
 Mephitic Cloud           Conj/Pois/Air  0%         N/A       99%         3
 Vampiric Draining        Necr           0%         2d6       99%         3
 Animate Dead             Necr           0%         N/A       100%        4
 Agony                    Necr           0%         N/A       100%        5
 Blink                    Tloc           Unusable   N/A       N/A         2

Dungeon Overview and Level Annotations

Branches:
Dungeon (7/15)             Temple (1/1) D:4

Altars:
Cheibriados
Dithmenos
Elyvilon
Fedhas
Gozag
Hepliaklqana
Kikubaaqudgha
Makhleb
Qazlal
Sif Muna
Trog
Uskayaw
Vehumet
Wu Jian
Xom
Yredelemnul
Zin
The Shining One

Annotations:
D:5 2 transporters, Majang's ghost, amateur GrGl


Innate Abilities, Weirdness & Mutations

You cannot be hasted, slowed, berserked, paralysed or teleported.
You can dig through walls and to a lower floor.
You have a pair of large antennae on your head. (SInv)
Your four strong arms can wield two-handed weapons with a shield.


Message History

You block the orc warrior's attack.
You closely miss the orc warrior.
The orc warrior is heavily wounded.
You block the orc warrior's attack.
You slash the orc warrior!
The orc warrior is severely wounded.
You block the orc warrior's attack.
You barely miss the orc warrior.
The orc warrior is severely wounded.
The orc warrior hits you with a +0 glaive!!
* * * LOW HITPOINT WARNING * * *
You closely miss the orc warrior.
The orc warrior is severely wounded.
An adder comes into view.
You block the orc warrior's attack. x2
The adder hisses angrily.
You hit the orc warrior but do no damage.
The orc warrior is severely wounded.
You block the orc warrior's attack.
You barely miss the orc warrior.
The orc warrior is severely wounded.
You block the orc warrior's attack.
You barely miss the orc warrior.
The orc warrior is severely wounded.
You block the orc warrior's attack.
You closely miss the orc warrior.
The orc warrior is severely wounded.
The adder bites you but does no damage. You block the orc warrior's attack.
The adder barely misses you.
You hit the orc warrior but do no damage.
The orc warrior is severely wounded.
The orc warrior barely misses you. The adder barely misses you.
You riposte.
You miss the adder.
The orc warrior hits you with a +0 glaive!
* * * LOW HITPOINT WARNING * * *
You hit the orc warrior but do no damage.
The orc warrior is severely wounded.
The adder bites you but does no damage.
The orc warrior hits you with a +0 glaive!!
You die...

#### ############ #..#
#...........
#..####..........
####.#.#...).......
#...#.#....@S...⌠..
#.##.#.#....o......
#.#..####..........
#.#..###........... {
#.###)################
# #.##.## #....#######
#.#### #......)....
#.# #..<.####### #.#
#....# #.


You could see an orc warrior and an adder.

Vanquished Creatures
  The ghost of Zigma the Ruffian, an amateur DrMo (D:4)
  Sigmund (D:2)
  An ice beast (D:7)
  5 ogres
  3 centaurs
  The ghost of Beaer the Sneak, an amateur VSBr of Okawaru (D:3)
  Blork the orc (D:5)
  5 bullfrogs
  A scorpion (D:7)
  4 wights (D:7)
  3 howler monkeys
  A bullfrog zombie (D:6)
  A centaur skeleton (D:6)
  A hound (D:7)
  3 orc priests
  2 gnoll shamans
  5 iguanas
  6 worker ants
  3 orc wizards (D:6)
  A hound zombie (D:7)
  A howler monkey zombie (D:6)
  3 gnolls (D:6)
  6 adders
  A white imp (D:5)
  2 oozes
  An adder skeleton (D:6)
  5 worms
  A dart slug (D:1)
  7 leopard geckos
  12 orcs
  5 bats
  5 giant cockroaches
  3 goblins
  7 hobgoblins
  4 jackals (D:7)
  7 kobolds
  6 quokkas
  2 frilled lizards
  8 rats
  A bush (D:6)
136 creatures vanquished.

Vanquished Creatures (others)
  2 fungi (D:6)
  4 plants (D:6)
6 creatures vanquished.

Grand Total: 142 creatures vanquished

Notes
Turn   | Place    | Note
-------+----------+-------------------------------------------
     0 | D:1      | Dreamer the Formicid Fighter began the quest for the Orb.
     0 | D:1      | Reached XP level 1. HP: 18/18 MP: 1/1
   171 | D:1      | Reached XP level 2. HP: 16/24 MP: 2/2
   701 | D:2      | Reached skill level 4 in Shields
   701 | D:2      | Reached XP level 3. HP: 23/30 MP: 3/3
  1031 | D:2      | Noticed Sigmund
  1055 | D:2      | Killed Sigmund
  1056 | D:2      | Reached skill level 1 in Slings
  1056 | D:2      | Reached skill level 1 in Dodging
  1056 | D:2      | Reached XP level 4. HP: 28/37 MP: 4/4
  1056 | D:2      | Reached XP level 5. HP: 32/42 MP: 5/5
  1056 | D:2      | Reached XP level 6. HP: 37/48 MP: 6/6
  1485 | D:3      | Found a faded altar of an unknown god.
  1594 | D:3      | Noticed Beaer's ghost (amateur VSBr)
  1595 | D:3      | Found a transporter.
  1729 | D:3      | Found a blossoming altar of Fedhas.
  1920 | D:3      | Found a shadowy altar of Dithmenos.
  1942 | D:3      | Found a transporter.
  2119 | D:3      | Killed Beaer's ghost
  2295 | D:4      | Noticed an ogre
  2346 | D:4      | Killed an ogre
  2347 | D:4      | Reached skill level 5 in Shields
  2347 | D:4      | Reached XP level 7. HP: 46/55 MP: 7/7
  2366 | D:4      | Found a staircase to the Ecumenical Temple.
  2517 | D:4      | Reached skill level 5 in Fighting
  2517 | D:4      | Reached skill level 5 in Armour
  2620 | D:4      | Reached XP level 8. HP: 51/62 MP: 8/8
  2683 | Temple   | Entered the Ecumenical Temple
  2709 | Temple   | Became a worshipper of Cheibriados the Contemplative
  2859 | D:4      | Found a runed translucent door.
  2861 | D:4      | Noticed Zigma's ghost (amateur DrMo)
  2919 | D:4      | Killed Zigma's ghost
  2966 | D:4      | Found a runed translucent door.
  3280 | D:5      | Entered Level 5 of the Dungeon
  3309 | D:5      | Noticed Blork the orc
  3316 | D:5      | Killed Blork the orc
  3317 | D:5      | Reached skill level 6 in Shields
  3654 | D:5      | Found a transporter.
  3669 | D:5      | Found a transporter.
  3670 | D:5      | Noticed Majang's ghost (amateur GrGl)
  4017 | D:6      | Found a blossoming altar of Fedhas.
  4086 | D:6      | Found a stormy altar of Qazlal.
  4122 | D:6      | Reached * piety under Cheibriados
  4212 | D:6      | Reached XP level 9. HP: 69/69 MP: 9/9
  4451 | D:6      | Reached skill level 5 in Long Blades
  4907 | D:7      | Reached ** piety under Cheibriados
  5117 | D:7      | Reached skill level 7 in Shields
  5165 | D:7      | Reached skill level 5 in Slings
  5517 | D:7      | Slain by an orc warrior

Illustrated notes

Levels and vault maps discovered:
D:1:      ncdulo_watergridlock, layout_basic, hangedman_abyss_or_decor_stabs,
          minmay_strange_pillars, minmay_misc_feat_pillars
D:2:      layout_loops_ring, corexii_shack, st_stairs_4, uniq_sigmund
D:3:      layout_rooms, nicolae_dithmenos_through_a_glass_darkly,
          chequers_ecumenical_altar_island, gammafunk_ghost_arena,
          chequers_jeans, fedhas_altar_2
D:4:      layout_loops_ring, minmay_temple_entry_junction,
          ebering_ghost_sewer_f, kennysheep_generic_room_6
D:5:      layout_loops_ring, gammafunk_ghost_mausoleum, kennysheep_cross_room,
          uniq_blork_the_orc
D:6:      layout_basic, grunt_temple_overflow_forces_of_nature,
          kennysheep_another_room, hangedman_decor_diamond_cutter,
          hangedman_glass_teeth
D:7:      layout_rooms, wad_rectangle_vault
Temple:   regret_index_temple_waves

Skill      XL: |  1  2  3  4  5  6  7  8  9 |
---------------+----------------------------+-----
Shields        | 4 5 6 7 |  7.3
Fighting       | 4 5 6 |  6.7
Long Blades    | 3 4 5 |  5.6
Slings         | 1 2 3 4 5 |  5.3
Armour         | 4 5 6 |  6.8
Dodging        | 1 2 3 4 |  4.3

Action                   |  1- 3 |  4- 6 |  7- 9 || total
-------------------------+-------+-------+-------++-------
Melee: Long sword        |    87 |   127 |   443 ||   657
 Fire: Hunting sling     |       |    11 |    57 ||    68
 Abil: Dig               |     1 |       |     5 ||     6
Armor: Scale mail        |    30 |    29 |     6 ||    65
       Chain mail        |       |       |   126 ||   126
Dodge: Dodged            |    28 |    42 |   119 ||   189
Block: Kite shield       |    49 |    65 |   218 ||   332
       Rpst.: Long sword |     8 |    13 |    38 ||    59

Table legend: (Time is in decaauts)
 A = Elapsed time spent in this place.
 B = Non-inter-level travel time spent in this place.
 C = Inter-level travel time spent in this place.
 D = Time resting spent in this place.
 E = Time spent auto-exploring this place.
 F = Levels seen in this place.
 G = Mean time per level.
                   A        B        C        D        E       F      G
               +--------+--------+--------+--------+--------+-----+--------+
         Total |   6532 |   6382 |    150 |      0 |   4120 |   8 |  816.5 |
       Dungeon |   6402 |   6252 |    150 |      0 |   4120 |   7 |  914.6 |
        Temple |    129 |    129 |      0 |      0 |      0 |   1 |  129.0 |
               +--------+--------+--------+--------+--------+-----+--------+

Top non-repeatable levels by time:
     D:6: 1154 daAuts
     D:4: 1138 daAuts
     D:5: 954 daAuts
     D:2: 860 daAuts
     D:7: 858 daAuts
     D:1: 737 daAuts
     D:3: 699 daAuts
  Temple: 129 daAuts
